 Dungeon Crawl Stone Soup version 0.27-a0-1200-g94dc6ad4cf (webtiles) character file.

Game seed: 9883068141867985058

0 spiderkeys the Skirmisher (level 1, 0/18 HPs)
             Began as a Merfolk Abyssal Knight on June 1, 2021.
             Was a Follower of Lugonu.
             Slain by a starspawn tentacle (3 damage)
             ... attached to a tentacled starspawn
             ... on level 1 of the Abyss.
             The game lasted 00:00:23 (142 turns).

spiderkeys the Skirmisher (Merfolk Abyssal Knight)   Turns: 142, Time: 00:00:24

Health: 0/18       AC:  3    Str: 12    XL:     1   Next: 0%
Magic:  2/2        EV:  9    Int: 11    God:    Lugonu [*.....]
Gold:   0          SH:  0    Dex: 13    Spells: 0/0 levels left

rFire    . . .     SeeInvis .   a - +1 spear
rCold    . . .     Faith    .   (no shield)
rNeg     . . .     Spirit   .   b - +0 leather armour
rPois    .         Reflect  .   (no helmet)
rElec    .         Harm     .   (no cloak)
rCorr    .         Rampage  .   (no gloves)
Will     .....                  (no boots)
Stlth    +.........             (no amulet)
HPRegen  0.06/turn              (no ring)
MPRegen  0.08/turn              (no ring)

@: constricted
A: (nimble swimmer 2), mertail
a: Renounce Religion, Depart the Abyss


You were on level 1 of the Abyss.
You worshipped Lugonu.
Lugonu was aware of your devotion.
You visited 0 branches of the dungeon, and saw 0 of its levels.
You visited the Abyss 1 time.


Innate Abilities, Weirdness & Mutations

((You are quick and stealthy near water. (Stealth+, EV+, Speed+++)))
Your lower body shifts to a powerful aquatic tail in water.


   Skills:
 + Level 3.2 Fighting
 + Level 3.0 Polearms
 + Level 0.6 Armour
 + Level 2.6 Dodging
 + Level 2.0 Invocations


You couldn't memorise any spells.
You didn't know any spells.
Your spell library contained the following spells:

 Spells                   Type           Power      Damage    Failure   Level
 Beastly Appendage        Tmut           0%         N/A       41%         1
 Wereblood                Tmut           0%         N/A       56%         2
 Spider Form              Tmut/Pois      0%         N/A       80%         3
 Ice Form                 Ice/Tmut       0%         N/A       99%         4
 Hydra Form               Tmut           0%         N/A       100%        5

Inventory:

Hand Weapons
 a - a +1 spear (weapon)
Missiles
 c - 12 arrows
Armour
 b - a +0 leather armour (worn)

Dungeon Overview and Level Annotations

Branches:
Dungeon (0/15)

Altars:

#. .# # ...# ## ..
.#.###.###. #..
.......... .#. .
##..#...#
..#...##.#wX.#
#....#...@w#
.....#.5####... ##
##..#.........#
#..#...5#5#....###
.#..#...5#.#..#.##
.....##..#.#.## #.
#.#...#.#..## #.
#.#5####..##
#..###X.......


You could see a tentacled starspawn, 2 starspawn tentacles and 4 ufetubi.


Message History

🤖 Initializing magus.rc ...
Options error: Delay interrupt name "hungry" not recognised. (~/.crawlrc:4988) ✅ Successfully initialized magus.rc [v1.9.10] Welcome, spiderkeys the Merfolk Abyssal Knight.
It is said that the Orb of Zot exists deep within this dungeon.
Lugonu says: Depart the Abyss and spread corruption, my servant! (use the ability menu to exit the Abyss) Press ? for a list of commands and other information.
Found a corrupted altar of Lugonu.
Found a gateway leading out of the Abyss.
c - 12 arrows You pick up a book of Changes and begin reading...
You add the spells Beastly Appendage, Wereblood, Spider Form, Ice Form and Hydra Form to your library.
A spatial vortex comes into view.
Unknown command.
A spatial vortex comes into view.
Found a gateway leading out of the Abyss.
A tentacled starspawn comes into view.
A tentacle flies out from the starspawn's body!
A starspawn tentacle comes into view.
Tentacles burst from the starspawn's body! 2 starspawn tentacles come into view.
A ynoxinul comes into view.
The ynoxinul gestures.
You see here a book of Changes.
The ynoxinul gestures.
A tentacled starspawn comes into view.
Tentacles burst from the starspawn's body! 2 starspawn tentacles come into view.
The ufetubus barely misses you.
The ufetubus hits you but does no damage.
The ufetubus hits you. x2 😮 HP[-5]
You take 5 damage, and now have 13/18 hp.
MASSIVE DAMAGE!! (PAUSE)
The ufetubus hits you.
The ufetubus barely misses you. 😮 HP[-3]
You take 3 damage, and now have 10/18 hp.
A tentacle flies out from the starspawn's body!
The ufetubus misses you. x2
A starspawn tentacle comes into view.
The ufetubus closely misses you. The ufetubus misses you.
Tentacles burst from the starspawn's body! 2 starspawn tentacles come into view.
The ufetubus closely misses you. The ufetubus barely misses you.
The starspawn tentacle grabs you.
* * * LOW HITPOINT WARNING * * *
The starspawn tentacle constricts you. 😨 HP[-3]
You take 3 damage, and now have 7/18 hp.
The starspawn tentacle's grasp on you weakens, but your attempt to escape fails.
The ufetubus closely misses you. The ufetubus hits you.
* * * LOW HITPOINT WARNING * * *
You die...

Action                   || total
-------------------------++-------
Armor: Leather armour    ||     1
Dodge: Dodged            ||     9

Levels and vault maps discovered:
Abyss:1:  base: Temple, hangedman_cross_veins, base:
Temple

Notes
Turn   | Place    | Note
-------+----------+-------------------------------------------
     0 | Abyss:1  | spiderkeys the Merfolk Abyssal Knight began the quest for
                  | the Orb.
     0 | Abyss:1  | Reached XP level 1. HP: 18/18 MP: 2/2
     0 | Abyss:1  | magus.rc [v1.9.10]
    52 | Abyss:1  | You pick up a book of Changes and begin reading...
    52 | Abyss:1  | You add the spells Beastly Appendage, Wereblood, Spider
                  | Form, Ice Form and Hydra Form to your library.
    76 | Abyss:1  | Noticed a spatial vortex
    78 | Abyss:1  | Noticed a spatial vortex
    96 | Abyss:1  | Noticed a tentacled starspawn
   114 | Abyss:1  | Noticed a ynoxinul
   128 | Abyss:1  | Noticed a tentacled starspawn
   139 | Abyss:1  | Noticed a tentacled starspawn
   142 | Abyss:1  | HP: 3/18 [ufetubus[a ynoxinul] (4)]
   142 | Abyss:1  | Slain by a starspawn tentacle

Vanquished Creatures (others)
  10 starspawn tentacles (Abyss:1)
10 creatures vanquished.

Table legend:
 A = Non-vault XP
 B = Vault XP
 C = Vault XP percentage of total XP
 D = Non-vault monster count
 E = Vault monster count
 F = Vault count percentage of total count
                 A         B        C        D         E       F
            +---------+---------+-------+---------+---------+-------
      Total |       0 |       0 |   N/A |       0 |       0 |  -nan
            +---------+---------+-------+---------+---------+-------
            +---------+---------+-------+---------+---------+-------

Illustrated notes

Table legend: (Time is in decaauts)
 A = Elapsed time spent in this place.
 B = Non-inter-level travel time spent in this place.
 C = Inter-level travel time spent in this place.
 D = Time resting spent in this place.
 E = Time spent auto-exploring this place.
 F = Levels seen in this place.
 G = Mean time per level.
                   A        B        C        D        E       F      G
               +--------+--------+--------+--------+--------+-----+--------+
         Total |    142 |    142 |      0 |      0 |     76 |   1 |  142.0 |
         Abyss |    142 |    142 |      0 |      0 |     76 |   1 |  142.0 |
               +--------+--------+--------+--------+--------+-----+--------+

Top non-repeatable levels by time:
 Abyss:1: 142 daAuts
